 Dungeon Crawl Stone Soup version 0.19-a0-1068-g99dd0f4 (webtiles) character file.

75490 junb69 the Martial Artist (level 15, -1/140 (141) HPs)
             Began as an Octopode Transmuter on Aug 4, 2016.
             Was the Champion of Dithmenos.
             Slain by a death ooze (7 damage)
             ... on level 6 of the Lair of Beasts.
             The game lasted 02:10:52 (35900 turns).

junb69 the Martial Artist (Octopode Transmuter)    Turns: 35900, Time: 02:10:53

HP:   -1/140 (141)  AC:  9    Str:  5    XL:     15   Next: 50%
MP:   26/29         EV: 17    Int: 33    God:    Dithmenos [******]
Gold: 373           SH:  0    Dex: 17    Spells: 6 memorised, 11 levels left

rFire  + . .     SeeInvis +       - Unarmed
rCold  + + +     Gourm    .     (shield currently unavailable)
rNeg   + . .     Faith    .     (helmet currently unavailable)
rPois  +         Spirit   .     J - amulet "Sony" {Regen+ Str-5 Int+3 Slay+2 Stlth+}
rElec  .         Dismiss  .     n - ring of positive energy
rCorr  .         Reflect  .     r - +3 ring of dexterity
SustAt +         Harm     .     d - ring of poison resistance
MR     ++...                    i - ring of Sybului {+Fly rF+ Str+4 Int+3}
Stlth  +++++++++.               q - ring of sustain attributes (curse)
                                z - ring "Xasade" {+Fly rF+ Str-5 Int+6 SInv}
                                w - ring of wizardry
                                b - ring of Happiness {MR+ Stlth+}

@: ice-form, wreathed by umbra
A: almost no armour, amphibious, 8 rings, (constrict 8), (molten scales 0),
(slimy green scales 0), (camouflage 0), blurry vision 1, clever 2, (fire
resistance 0), robust 1, screaming 1, weak 1, (gelatinous body 0), no device
heal 1, subdued magic 1
a: End Transformation, Shadow Step, Shadow Form, Renounce Religion, Evoke Flight


You were on level 6 of the Lair of Beasts.
You worshipped Dithmenos.
Dithmenos was exalted by your worship.
You were not hungry.
You were a creature of crystalline ice.
You visited 4 branches of the dungeon, and saw 21 of its levels.
You also visited: Labyrinth and Ossuary.

You collected 2073 gold pieces.
You spent 1700 gold pieces at shops.

Inventory:

Missiles
 a - 122 arrows
Armour
 h - a +1 hat of intelligence (melded)
Magical Staves
 e - an uncursed staff of earth (melded)
Jewellery
 b - the ring of Happiness (on tentacle) {MR+ Stlth+}
   (You bought it in a shop on level 2 of the Orcish Mines)

   [ring of stealth]

   It affects your resistance to hostile enchantments.
   It makes you more stealthy.
 d - a ring of poison resistance (on tentacle)
 i - the ring of Sybului (on tentacle) {+Fly rF+ Str+4 Int+3}
   (You bought it in a shop on level 2 of the Orcish Mines)

   [ring of strength]

   It affects your strength (+4).
   It affects your intelligence (+3).
   It protects you from fire.
   It lets you fly.
 n - a ring of positive energy (left front paw)
 q - a cursed ring of sustain attributes (on tentacle)
 r - a +3 ring of dexterity (right front paw)
 w - a ring of wizardry (on tentacle)
 z - the ring "Xasade" (on tentacle) {+Fly rF+ Str-5 Int+6 SInv}
   (You found it in a labyrinth)

   [ring of flight]

   It affects your strength (-5).
   It affects your intelligence (+6).
   It protects you from fire.
   It lets you see invisible.
   It lets you fly.
 J - the amulet "Sony" (around neck) {Regen+ Str-5 Int+3 Slay+2 Stlth+}
   (You found it on level 3 of the Lair of Beasts)

   [amulet of regeneration]

   It affects your strength (-5).
   It affects your intelligence (+3).
   It affects your accuracy and damage with ranged weapons and melee attacks
   (+2).
   It increases your rate of regeneration.
   It makes you more stealthy.
Wands
 H - a wand of disintegration (13/24)
 M - a wand of teleportation (7/9)
Scrolls
 k - 5 scrolls of recharging
 m - 7 scrolls of remove curse
 u - 2 scrolls of enchant armour
 y - a scroll of identify
 A - 8 scrolls of fear
 D - 2 scrolls of teleportation
 E - 2 scrolls of fog
Potions
 f - 2 potions of brilliance
 g - 3 potions of magic
 j - a potion of heal wounds
 o - 13 potions of curing
 p - 5 potions of flight
 s - a potion of resistance
 B - a potion of ambrosia
 G - 2 potions of agility
 K - a potion of lignification
Comestibles
 c - 8 bread rations
 l - 5 meat rations
 t - 5 beef jerkies
 v - 2 chunks of flesh


   Skills:
 * Level 12.2 Fighting
 * Level 11.0 Dodging
 - Level 3.4 Stealth
 * Level 12.7 Unarmed Combat
 - Level 10.6 Spellcasting
 - Level 11.4 Transmutations
 - Level 7.0 Ice Magic
 - Level 4.4 Earth Magic


You had 11 spell levels left.
You knew the following spells:

 Your Spells              Type           Power        Failure   Level  Hunger
a - Beastly Appendage     Tmut           ######       0%          1    None
b - Spider Form           Tmut/Pois      #####.....   1%          3    None
c - Ice Form              Ice/Tmut       ######..     1%          4    None
d - Blade Hands           Tmut           ######....   1%          5    ##.....
e - Petrify               Tmut/Erth      ######..     1%          4    None
f - Dragon Form           Tmut           ######....   7%          7    ######.


Dungeon Overview and Level Annotations

Branches:
Dungeon (12/15)            Temple (1/1) D:5            Lair (6/6) D:9
 Shoals (0/4) Lair:4        Snake (0/4) Lair:2        Slime (0/5) Lair:5
    Orc (2/2) D:12            Elf (0/3) Orc:2

Altars:
Ashenzari
Cheibriados
Dithmenos
Elyvilon
Fedhas
Hepliaklqana
Kikubaaqudgha
Makhleb
Nemelex Xobeh
Okawaru
Pakellas
Qazlal
Ru
Sif Muna
Trog
Uskayaw
Vehumet
Xom
Yredelemnul
Zin
The Shining One
Beogh
Jiyva

Shops:
D:5 *   D:10 ?   D:11 (   Orc:2 (=*[

Annotations:
D:4 eragonby's ghost, amateur TrMo
D:5 exclusion: hill giant
D:10 exclusion: hill giant
Lair:5 exclusion: 3 oklob plants


Innate Abilities, Weirdness & Mutations

You cannot wear most types of armour.
You are amphibious.
You can wear up to eight rings at the same time.
((You can use your tentacles to constrict eight enemies at once.))
((Your skin changes colour to match your surroundings (Stealth+).))
((Your rubbery body absorbs attacks. (AC +1, EV +1)))
((You are partially covered in molten scales. (AC +2)))
((You are partially covered in slimy green scales. (AC +2)))
Scrolls take you a little longer to read.
Your mind is very acute. (Int +4)
((Your flesh is heat resistant. (rF+)))
You are robust. (+10% HP)
You occasionally shout uncontrollably at your foes.
You are weak. (Str -2)
Potions and wands are less effective at restoring your health.
Your spells are a little easier to cast, but a little less powerful.


Message History

You hit the death ooze.
The death ooze is moderately damaged.
The death ooze hits you! The death ooze completely misses you.
The yak misses you.
You pummel the death ooze!! You freeze the death ooze.
The death ooze is severely damaged.
The death ooze hits you. The death ooze hits you!! The yak gores you!
The yak gores you but does no damage.
You hit the death ooze but do no damage.
The death ooze is severely damaged.
The death ooze hits you!!
* * * LOW HITPOINT WARNING * * *
The death ooze hits you!
* * * LOW HITPOINT WARNING * * *
The yak misses you.
The death ooze jiggles.
The death ooze hits you!!
* * * LOW HITPOINT WARNING * * *
The death ooze hits you!
You die...

..._.#......................##...
######................#...P##....
#.........#........###...##....
##..#...#.......#...###..##....
###.###..#....###..####.......
######..[...##....###.......
########...#......#...P.##P......
#.##..#....................P..#..
...............PYJ.#P......PP.P(.
#.#.............YY..............†
##.#..........P.Y.............##.
####...<....................##..
###........P.......P..P.#.#P.
#.......P.......#...######.
#..#....#.#....P.P...####[.
####...P..#............##..
##.)..P###......P.....#..


You could see a death ooze and 3 yaks.

Vanquished Creatures
  Gastronok (Lair:1)
  2 azure jellies (Lair:6)
  An orc warlord (Orc:1)
  The ghost of Xiguana the Destroyer, a journeyman TeCj of Vehumet (Lair:5)
  Snorg (Lair:3)
  A minotaur (Lab)
  4 death oozes (Lair:6)
  2 great orbs of eyes (Lair:6)
  2 centaur warriors
  6 hydras
  2 catoblepae
  An orc high priest (Orc:2)
  Urug (Orc:2)
  10 death yaks
  Nergalle (Lair:1)
  An unseen horror (D:12)
  5 hill giants
  3 orc knights
  3 griffons
  2 manticores
  4 orc sorcerers
  14 elephants (Lair:4)
  A cyclops (D:12)
  5 black mambas
  A centaur skeleton (D:12)
  8 spiny frogs
  8 komodo dragons
  4 rime drakes
  A kobold demonologist (D:12)
  6 trolls
  A polar bear (Lair:6)
  2 two-headed ogres
  9 blink frogs
  A boulder beetle (Lair:6)
  2 meliai zombies
  A snapping turtle (Lair:4)
  2 slime creatures (Lair:5)
  33 yaks
  2 basilisks
  A wyvern (D:12)
  A human (D:9)
  2 hogs (D:9)
  15 hippogriffs
  2 hungry ghosts (D:11)
  4 nagas
  3 wargs
  8 water moccasins
  Duvessa (D:6)
  9 porcupines
  5 sky beasts
  25 orc warriors
  5 ice beasts
  3 black bears
  A wasp (D:12)
  3 phantoms
  15 ogres
  A necrophage (D:9)
  4 wolves (Lair:2)
  7 centaurs
  8 crocodiles
  A big kobold (D:11)
  5 giant frogs
  A water moccasin zombie (D:12)
  2 scorpions
  Dowan (D:6)
  13 killer bees
  3 wights (D:11)
  5 electric eels
  4 howler monkeys
  4 crimson imps
  2 giant frog zombies
  2 quasits
  11 jellies
  24 orc priests
  8 hounds
  3 centaur zombies
  4 gnoll shamans (D:5)
  29 orc wizards
  2 giant frog skeletons
  13 iguanas
  8 worker ants
  16 sheep
  2 big kobold zombies (Ossuary)
  A hound skeleton (D:4)
  8 mummies (Ossuary)
  A worker ant zombie (D:6)
  66 river rats
  12 adders
  40 gnolls
  2 shadow imps
  8 oozes
  2 adder skeletons
  An adder zombie (D:7)
  A worm (D:3)
  10 dart slugs (D:3)
  3 giant geckos
  86 orcs
  5 bats
  4 giant cockroaches
  3 goblins
  7 hobgoblins
  31 jackals
  3 kobolds
  4 quokkas
  3 giant newts
  3 hobgoblin zombies (Ossuary)
  2 jackal skeletons (D:5)
  A jackal zombie (D:9)
  A kobold zombie (Ossuary)
  2 orc zombies (Ossuary)
  A quokka skeleton (D:9)
  10 rats
  3 fungi
765 creatures vanquished.

Vanquished Creatures (others)
  17 fungi
  9 plants
26 creatures vanquished.

Grand Total: 791 creatures vanquished

Notes
Turn   | Place    | Note
-------+----------+-------------------------------------------
     0 | D:1      | junb69 the Octopode Transmuter began the quest for the Orb.
     0 | D:1      | Reached XP level 1. HP: 13/13 MP: 3/3
    18 | D:1      | Reached XP level 2. HP: 14/18 MP: 3/5
   633 | D:1      | Reached XP level 3. HP: 23/23 MP: 4/6
   638 | D:1      | Learned a level 3 spell: Spider Form
  1906 | D:2      | Reached XP level 4. HP: 22/28 MP: 7/7
  2555 | D:3      | Reached XP level 5. HP: 16/33 MP: 4/9
  2817 | D:3      | Learned a level 4 spell: Ice Form
  3919 | D:4      | Found a basalt altar of Yredelemnul.
  3939 | D:4      | Found a radiant altar of Vehumet.
  4010 | D:4      | Found a sand-covered staircase.
  4018 | Ossuary  | Entered an ossuary
  4551 | Ossuary  | Reached XP level 6. HP: 24/38 MP: 11/11
  5319 | D:4      | Reached skill level 1 in Ice Magic
  5613 | D:4      | Found a sparkling altar of Nemelex Xobeh.
  5680 | D:4      | Noticed eragonby's ghost (amateur TrMo)
  5796 | D:4      | Reached XP level 7. HP: 43/43 MP: 10/12
  5891 | D:5      | Entered Level 5 of the Dungeon
  5917 | D:5      | Found Olas's General Store.
  5924 | D:5      | Bought a scroll of blinking for 97 gold pieces
  5980 | D:5      | Gained mutation: You are weak. (Str -2) [mutagenic meat]
  5983 | D:5      | Gained mutation: You evolve. [mutagenic meat]
  5986 | D:5      | Gained mutation: You are clumsy. (Dex -2) [mutagenic meat]
  5989 | D:5      | Gained mutation: Your flesh is heat resistant. (rF+) [mutagenic meat]
  5992 | D:5      | Gained mutation: Potions and wands are less effective at restoring your health. [mutagenic meat]
  6136 | D:5      | Noticed a hill giant
  6171 | D:5      | Found a staircase to the Ecumenical Temple.
  6214 | Temple   | Entered the Ecumenical Temple
  6352 | D:5      | Reached skill level 5 in Ice Magic
  6352 | D:5      | Reached XP level 8. HP: 40/48 MP: 11/13
  6499 | Temple   | Became a worshipper of Dithmenos the Shadowed
  6836 | D:5      | Reached skill level 5 in Unarmed Combat
  7129 | D:5      | Found a blossoming altar of Fedhas.
  7685 | D:4      | Gained mutation: Your mind is acute. (Int +2) [evolution]
  7974 | D:5      | Reached * piety under Dithmenos
  8835 | D:5      | Reached XP level 9. HP: 49/60 MP: 14/14
  8894 | D:5      | Reached skill level 5 in Fighting
  9547 | D:6      | Found a shadowy altar of Dithmenos.
  9684 | D:6      | Learned a level 5 spell: Blade Hands
  9804 | D:6      | Noticed Dowan
  9883 | D:6      | Noticed Duvessa
  9890 | D:6      | Killed Dowan
  9949 | D:6      | Killed Duvessa
 10222 | D:6      | Reached ** piety under Dithmenos
 10310 | D:6      | Lost mutation: You are clumsy. (Dex -2) [evolution]
 11342 | D:7      | Found a shattered altar of Ashenzari.
 11830 | D:7      | Reached XP level 10. HP: 68/68 MP: 8/16
 12072 | D:7      | Gained mutation: Scrolls take you a little longer to read. [potion of mutation]
 12072 | D:7      | Gained mutation: Your spells are a little easier to cast, but a little less powerful. [potion of mutation]
 12073 | D:7      | Gained mutation: You rapidly evolve. [potion of mutation]
 12073 | D:7      | Gained mutation: You are robust. (+10% HP) [potion of mutation]
 12073 | D:7      | Gained mutation: You occasionally shout uncontrollably at your foes. [potion of mutation]
 12822 | D:8      | Reached *** piety under Dithmenos
 13425 | D:9      | Found a staircase to the Lair.
 13455 | D:9      | Noticed a manticore
 14213 | D:9      | Reached XP level 11. HP: 88/88 MP: 17/17
 14220 | D:9      | Reached skill level 5 in Dodging
 14478 | Lair:1   | Entered Level 1 of the Lair of Beasts
 14510 | Lair:1   | Learned a level 4 spell: Petrify
 14682 | Lair:1   | Noticed an eight-headed hydra
 15092 | Lair:1   | Reached skill level 10 in Fighting
 15094 | Lair:1   | Noticed Gastronok
 15125 | Lair:1   | Noticed Nergalle
 15132 | Lair:1   | Killed Nergalle
 15410 | Lair:1   | Reached **** piety under Dithmenos
 16098 | Lair:2   | Noticed a six-headed hydra
 16667 | Lair:2   | Reached skill level 1 in Stealth
 17404 | Lair:2   | Reached skill level 10 in Unarmed Combat
 17686 | Lair:2   | Found a staircase to the Snake Pit.
 17735 | Lair:2   | Gained mutation: You are partially covered in slimy green scales. (AC +2) [evolution]
 17799 | Lair:2   | Reached skill level 1 in Earth Magic
 17870 | Lair:3   | Got a slimy bone amulet
 17938 | Lair:3   | Identified the amulet "Sony" {Regen+ Str-5 Int+3 Slay+2 Stlth+} (You found it on level 3 of the Lair of Beasts)
 17957 | Lair:3   | Noticed a seven-headed hydra
 17975 | Lair:3   | Reached XP level 12. HP: 87/96 MP: 14/18
 18325 | Lair:3   | Reached ***** piety under Dithmenos
 18660 | Lair:3   | Noticed Snorg
 18845 | Lair:3   | Killed Snorg
 18845 | Lair:3   | Reached skill level 5 in Spellcasting
 18845 | Lair:3   | Reached skill level 5 in Transmutations
 19366 | Lair:4   | Noticed a seven-headed hydra
 19973 | Lair:4   | Gained mutation: Your mind is very acute. (Int +4) [evolution]
 19973 | Lair:4   | Lost mutation: You rapidly evolve. [end of evolution]
 20103 | Lair:4   | Found a staircase to the Shoals.
 20249 | Lair:4   | Killed a seven-headed hydra
 20249 | Lair:4   | Reached XP level 13. HP: 102/102 MP: 22/24
 20853 | Lair:5   | Found a labyrinth entrance.
 20859 | Lab      | Entered a labyrinth
 22647 | Lab      | Noticed a minotaur
 22655 | Lab      | Killed a minotaur
 22659 | Lab      | Got a scorched granite ring
 22730 | Lab      | Learned a level 7 spell: Dragon Form
 22745 | Lab      | Lost strength.
 22745 | Lab      | Identified the ring "Xasade" {+Fly rF+ Str-5 Int+6 SInv} (You found it in a labyrinth)
 23101 | Lair:5   | Identified a +1 rod of shadows (12/12) (You found it in a labyrinth)
 23250 | Lair:5   | Found a staircase to the Slime Pits.
 23571 | Lair:5   | Noticed Xiguana's ghost (journeyman TeCj)
 23739 | D:9      | Lost mutation: You evolve. [end of evolution]
 24385 | D:10     | Entered Level 10 of the Dungeon
 24864 | D:10     | Found Yfac's Magic Scroll Shop.
 24871 | D:10     | Bought a scroll of blinking for 120 gold pieces
 24871 | D:10     | Bought a scroll of magic mapping for 56 gold pieces
 25525 | D:11     | Reached skill level 10 in Transmutations
 26323 | D:11     | Found Qabboir's Antique Weapon Boutique.
 26463 | D:11     | Gained mutation: You are partially covered in molten scales. (AC +2) [mutagenic meat]
 27062 | D:12     | Found a roughly hewn altar of Beogh.
 27168 | D:12     | Found a staircase to the Orcish Mines.
 28649 | D:12     | Reached XP level 14. HP: 101/108 MP: 27/27
 29634 | Orc:1    | Entered Level 1 of the Orcish Mines
 29715 | Orc:2    | Entered Level 2 of the Orcish Mines
 29902 | Orc:1    | Reached ****** piety under Dithmenos
 30158 | Orc:1    | Found a deep blue altar of Sif Muna.
 30211 | Orc:1    | Identified Sif Muna's Almanac of Heat (You found it on level 1 of the Orcish Mines)
 30679 | Orc:2    | Reached skill level 10 in Spellcasting
 30752 | Orc:2    | Was placed under penance by Dithmenos
 30755 | Orc:2    | Was forgiven by Dithmenos
 30765 | Orc:2    | Noticed an orc warlord
 31066 | Orc:1    | Killed an orc warlord
 31628 | Orc:2    | Found a staircase to the Elven Halls.
 31738 | Orc:2    | Noticed Urug
 31791 | Orc:2    | Found a roughly hewn altar of Beogh.
 31885 | Orc:2    | Killed Urug
 32072 | Orc:2    | Found Nackoras's General Store.
 32095 | Orc:2    | Found Osaax's Antique Weapon Emporium.
 32101 | Orc:2    | Found Obla's Jewellery Emporium.
 32129 | Orc:2    | Found Peghejest's Antique Armour Emporium.
 32216 | Orc:2    | Bought the ring of Happiness {MR+ Stlth+} for 451 gold pieces
 32216 | Orc:2    | Bought the ring of Sybului {+Fly rF+ Str+4 Int+3} for 741 gold pieces
 32229 | Orc:2    | Bought a +3 ring of dexterity for 235 gold pieces
 32686 | Lair:1   | Killed Gastronok
 33881 | Lair:5   | Killed Xiguana's ghost
 34243 | Lair:6   | Entered Level 6 of the Lair of Beasts
 34599 | Lair:6   | Found a sparkling altar of Nemelex Xobeh.
 34659 | Lair:6   | Reached skill level 10 in Dodging
 34740 | Lair:6   | Noticed an azure jelly
 34741 | Lair:6   | Found a viscous altar of Jiyva.
 34741 | Lair:6   | Noticed an azure jelly
 34752 | Lair:6   | Killed an azure jelly
 34752 | Lair:6   | Reached XP level 15. HP: 117/117 MP: 26/29
 34756 | Lair:6   | Killed an azure jelly
 35900 | Lair:6   | HP: 6/140 [death ooze (20)]
 35900 | Lair:6   | Slain by a death ooze

Vault maps used:
D:1:      lightli_iron_boxes, kennysheep_boxes
D:2:      lemuel_upstairs_altar, uniq_jessica
D:3:      kennysheep_slugbush
D:4:      vehumet_crystals, overflow_temple_1_default,
          nicolae_ossuary_entry_plus, nemelex_lonely_heart_becter
D:5:      lemuel_castle_with_subvaults, kennysheep_little_box, first_bread,
          serial_shops, shop, fedhas_altar_1
D:6:      hangedman_decor_peaks_small, nicolae_dithmenos_shadow_blocks,
          uniq_duvessa
D:7:      ashenzari_altar_1
D:9:      lair_0_dummy, grunt_livestock
D:10:     serial_shops, shop, minmay_misc_feat_pillars
D:11:     serial_shops, nicolae_shop_overgrown_old_shop, hangedman_decor_points,
          lightli_fourway_metalbox
D:12:     david_orc_5, bh_walls_and_bars
Temple:   compressed_dpeg_circular_temple
Lair:1:   minivault_25, uniq_nergalle, uniq_gastronok
Lair:2:   minmay_snake_entry_guardpost_small
Lair:3:   serial_bayou_shore_a, uniq_snorg
Lair:4:   beast_lair_carwin_large_4, minmay_shoals_entry_hut
Lair:5:   minmay_slime_entry_oklob_open, lab_entry_generic, lookout_lair_type
Lair:6:   evilmike_catoblepas_cave, special_room, basic_altar
Orc:1:    led_sif_book
Orc:2:    grunt_orc_cross
Ossuary:  ossuary_tomb_3

Skill      XL: |  1  2  3  4  5  6  7  8  9 10 11 12 13 14 15 |
---------------+----------------------------------------------+-----
Unarmed Combat | 4 6 8 9 10 12 | 12.7
Transmutations | 3 4 7 11 | 11.4
Spellcasting   | 3 4 7 9 10 | 10.6
Ice Magic      | 2 5 7 |  7.0
Fighting       | 4 6 9 10 11 12 | 12.2
Dodging        | 4 8 9 10 11 | 11.0
Stealth        | 3 |  3.4
Earth Magic    | 1 4 |  4.4

Action                   |  1- 3 |  4- 6 |  7- 9 | 10-12 | 13-15 || total
-------------------------+-------+-------+-------+-------+-------++-------
Melee: Unarmed           |    73 |   208 |   396 |   585 |  1055 ||  2317
       Kick              |    11 |     3 |       |       |       ||    14
       Constrict         |    19 |    24 |     8 |     8 |     3 ||    62
       Tentacles         |     5 |    14 |     1 |     4 |     7 ||    31
       Punch             |       |     1 |     1 |       |    28 ||    30
       Staff             |       |       |    12 |    23 |    24 ||    59
       Tailslap          |       |       |       |       |    59 ||    59
       Bite              |       |       |       |       |    46 ||    46
 Cast: Beastly Appendage |    10 |     3 |       |       |       ||    13
       Spider Form       |       |    19 |     2 |       |     1 ||    22
       Ice Form          |       |       |    49 |    69 |    66 ||   184
       Petrify           |       |       |       |     4 |     2 ||     6
       Dragon Form       |       |       |       |       |    33 ||    33
 Abil: Breathe Fire      |       |       |       |       |     1 ||     1
  Use: Scroll            |       |    16 |     6 |    14 |     9 ||    45
       Potion            |       |     1 |     5 |     8 |     7 ||    21
 Stab: Sleeping          |     4 |     4 |     6 |    10 |     8 ||    32
       Distracted        |       |       |       |       |     3 ||     3
       Petrified         |       |       |       |       |     1 ||     1
  Eat: Chunk             |     3 |     7 |    23 |    24 |    50 ||   107
       Fruit             |       |     4 |       |     2 |       ||     6
       Meat ration       |       |     1 |       |       |     1 ||     2
       Bread ration      |       |       |     2 |     2 |     1 ||     5
       Beef jerky        |       |       |     2 |       |     2 ||     4
       Pizza             |       |       |       |     3 |     5 ||     8
       Royal jelly       |       |       |       |     1 |     2 ||     3
Armor: Skin              |     9 |     7 |    77 |    71 |   296 ||   460
Dodge: Dodged            |    45 |   100 |   195 |   365 |   819 ||  1524
